 Dungeon Crawl Stone Soup version 0.27.1-2-g3b301248ec (webtiles) character file.

Game seed: 8231300064340076357

286 vvl the Insei (level 6, -3/39 HPs)
             Began as an Octopode Transmuter on Sept 29, 2021.
             Was an Initiate of Makhleb.
             Slain by a wight (11 damage)
             ... on level 4 of the Dungeon.
             The game lasted 00:05:17 (3865 turns).

vvl the Insei (Octopode Transmuter)                 Turns: 3865, Time: 00:05:18

Health: -3/39      AC:  1    Str: 11    XL:     6   Next: 30%
Magic:  9/9        EV: 11    Int: 15    God:    Makhleb [......]
Gold:   124        SH: 10    Dex: 19    Spells: 9/10 levels left

rFire    + . .     SeeInvis .   b - +4 spear
rCold    . . .     Faith    .   f - +2 kite shield
rNeg     . . .     Spirit   .   (helmet currently unavailable)
rPois    .         Reflect  .   (no amulet)
rElec    .         Harm     .   e - +6 ring of dexterity
rCorr    .         Rampage  .   g - ring of protection from fire
Will     .....                  (no ring)
Stlth    +++.......             (no ring)
HPRegen  0.13/turn              (no ring)
MPRegen  0.11/turn              (no ring)
                                (no ring)
                                (no ring)

@: appendages
A: tentacle spike 3, almost no armour, amphibious, 8 rings, camouflage 1,
gelatinous body 1, (nimble swimmer 1), tentacles
a: End Transformation, Renounce Religion


You were on level 4 of the Dungeon.
You worshipped Makhleb.
Makhleb was noncommittal.
One of your tentacles had grown a beastly spike.
You visited 1 branch of the dungeon, and saw 4 of its levels.

You collected 124 gold pieces.

Inventory:

Hand Weapons
 b - a +4 spear (weapon)
Missiles
 a - a throwing net
Armour
 f - a +2 kite shield (worn)
Jewellery
 e - a +6 ring of dexterity (left tentacle)
 g - a ring of protection from fire (right tentacle)
Scrolls
 c - 4 scrolls of identify {unknown}
 h - a scroll of magic mapping {unknown}
 k - a scroll of torment {unknown}
 n - a scroll of amnesia {unknown}
 o - a scroll of blinking {unknown}
 q - a scroll of enchant weapon {unknown}
Potions
 d - 3 potions of attraction {unknown}
 i - 2 potions of haste {unknown}
 j - 3 potions of curing {unknown}
 l - 2 potions of flight {unknown}
 m - a potion of might {unknown}
 p - a potion of berserk rage {unknown}


   Skills:
 + Level 1.9 Fighting
 + Level 2.7 Dodging
 + Level 1.6 Shields
 * Level 4.0 Unarmed Combat
 + Level 2.5 Spellcasting
 * Level 3.3 Transmutations
 + Level 1.4 Ice Magic
 + Level 1.6 Poison Magic
 + Level 1.2 Invocations


You had 9 spell levels left.
You knew the following spells:

 Your Spells              Type           Power      Damage    Failure   Level
a - Beastly Appendage     Tmut           22%        N/A       30%         1

Your spell library contained the following spells:

 Spells                   Type           Power      Damage    Failure   Level
 Wereblood                Tmut           11%        N/A       41%         2
 Spider Form              Tmut/Pois      4%         N/A       77%         3
 Ice Form                 Ice/Tmut       9%         N/A       99%         4


Dungeon Overview and Level Annotations

Branches:
Dungeon (4/15)
 Temple: D:4-7

Altars:
Ashenzari
Makhleb
Ru

Shops:
D:2 :


Innate Abilities, Weirdness & Mutations

One of your tentacles has grown a beastly spike.
You cannot wear most types of armour.
You are amphibious.
You can wear up to eight rings at the same time.
Your skin changes colour to match your surroundings (Stealth+).
Your rubbery body absorbs attacks. (AC +1, EV +1)
((You are camouflaged near water. (Stealth+)))
You have tentacles for arms and can constrict up to eight enemies at once.


Message History

Found a broken altar of Ashenzari.
Found 9 gold pieces.
There is an open door here.
Found 12 gold pieces.
There is an open door here. 2 wights come into view.
A wight is wielding a +0 scimitar of distortion.
One of your tentacles grows a vicious spike.
You barely miss the wight. Your grab misses the wight. You squeeze the wight.
The wight is moderately damaged.
The wight closely misses you. The wight barely misses you.
You completely miss the wight. You grab the wight. You squeeze the wight!
The wight is severely damaged.
You constrict the wight. You block the wight's attack.
The wight closely misses you. You block the wight's attack.
The wight hits you with a +0 scimitar of distortion!
You feel drained. Space warps horribly around you.
You are too injured to fight recklessly!
You hit the wight but do no damage.
You pierce the wight.
Your squeeze misses the wight.
The wight is almost destroyed.
You constrict the wight. You block the wight's attack.
The wight closely misses you.
You hit the wight but do no damage.
You pierce the wight, but do no damage.
You squeeze the wight.
You destroy the wight!
Makhleb accepts your kill. The wight closely misses you.
Your life force feels restored.
Your Unarmed Combat skill increases to level 4!
You hit the wight but do no damage. You grab the wight.
You pierce the wight.
You squeeze the wight.
The wight is heavily damaged.
You constrict the wight, but do no damage.
The wight hits you with a +0 scimitar of distortion!
* * * LOW HITPOINT WARNING * * *
Space bends around you.
* * * LOW HITPOINT WARNING * * *
The wight hits you with a +0 scimitar of distortion!
You die...

##...###..............#
###.....##.....#.........
##....)........####.......
#.......)...##.## ##....†..
.............######..#.....
......###...........##.....
......####..........##.....
...........###.............
....##....@.#.......###..##
.... ##..)z.#......## ##..#
##....#.....## ...#
##...#....## ...#
##..#...## . ....+ .
##.#..## ... ....+
....###'##..... .##
....#...#$.....
#####._.#######


You could see a wight.

Vanquished Creatures
  3 wights (D:4)
  An iguana (D:4)
  6 adders
  2 river rats (D:3)
  A worm (D:3)
  5 ball pythons
  4 bats
  2 endoplasms
  4 giant cockroaches
  5 goblins
  8 hobgoblins
  5 jackals
  A quokka (D:4)
  8 kobolds
  6 rats
61 creatures vanquished.

Notes
Turn   | Place    | Note
-------+----------+-------------------------------------------
     0 | D:1      | vvl the Octopode Transmuter began the quest for the Orb.
     0 | D:1      | Reached XP level 1. HP: 13/13 MP: 3/3
   277 | D:1      | Found a faded altar of an unknown god.
   678 | D:1      | Reached XP level 2. HP: 18/18 MP: 3/5
  1235 | D:2      | Reached XP level 3. HP: 11/23 MP: 6/6
  2026 | D:2      | Found Cetot's Book Emporium.
  2592 | D:3      | Reached XP level 4. HP: 28/28 MP: 5/7
  2633 | D:3      | Found a sacrificial altar of Ru.
  2645 | D:3      | Found a burning altar of Makhleb.
  2689 | D:3      | Became a worshipper of Makhleb the Destroyer
  3110 | D:3      | Reached skill level 1 in Shields
  3118 | D:3      | Reached skill level 1 in Poison Magic
  3243 | D:3      | Reached skill level 1 in Ice Magic
  3255 | D:3      | Reached XP level 5. HP: 33/33 MP: 6/8
  3685 | D:4      | Reached skill level 1 in Invocations
  3685 | D:4      | Reached XP level 6. HP: 28/39 MP: 9/9
  3844 | D:4      | Found a broken altar of Ashenzari.
  3865 | D:4      | Reached skill level 4 in Unarmed Combat
  3865 | D:4      | Slain by a wight

Illustrated notes

Levels and vault maps discovered:
D:1:      elethiomel_arrival_shortcut, layout_basic,
          ebering_ecumenical_altar_rust, minmay_heptomino_l4
D:2:      layout_basic, serial_shops, shop, minmay_misc_feat_nine_boxes,
          minmay_misc_feat_diagonals
D:3:      layout_loops_corners, bloody_makhleb, nicolae_ru_awakened_eye,
          serial_glass, glass_columns_a, glass_columns_c,
          gup_sewer_entry_bubbles
D:4:      layout_cave_pools, nicolae_ashenzari_panopticon,
          mainiacjoe_overflow_boulevard, kennysheep_cross_room, roderic_batcave

Skill      XL: |  1  2  3  4  5  6 |
---------------+-------------------+-----
Shields        | 1 |  1.6
Poison Magic   | 1 |  1.6
Ice Magic      | 1 |  1.4
Transmutations | 3 |  3.3
Invocations    | 1 |  1.2
Unarmed Combat | 4 |  4.0
Fighting       | |  1.9
Dodging        | |  2.7
Spellcasting   | |  2.5

Action                   |  1- 3 |  4- 6 || total
-------------------------+-------+-------++-------
Melee: Unarmed           |     7 |       ||     7
       Spear             |    60 |    56 ||   116
       Constrict         |    11 |    14 ||    25
       Kick              |     5 |    13 ||    18
       Tentacles         |     4 |    12 ||    16
 Cast: Beastly Appendage |    21 |    13 ||    34
 Stab: Sleeping          |     9 |    10 ||    19
Armor: Skin              |     2 |       ||     2
Dodge: Dodged            |    19 |    12 ||    31
Block: Kite shield       |    17 |    17 ||    34
